 Dungeon Crawl Stone Soup version 0.31-a0-627-gd65175cf8b (webtiles) character file.

Game seed: 7486789890161806863

106 Essalna the Conjurer (level 4, 0/27 HPs)
             Began as a Deep Elf Conjurer on Aug 25, 2023.
             Slain by an orc priest
             ... wielding a +0 flail of protection
              (9 damage)
             ... on level 3 of the Dungeon.
             The game lasted 00:03:08 (2499 turns).

Essalna the Conjurer (Deep Elf Conjurer)            Turns: 2499, Time: 00:03:08

Health: 0/27       AC:  3    Str:  4    XL:     4   Next: 55%
Magic:  7/10       EV: 12    Int: 25    God:
Gold:   105        SH:  0    Dex: 13    Spells: 2/9 levels left

rFire   . . .        c - +0 dagger (elec)
rCold   . . .        (no shield)
rNeg    . . .        a - +0 robe
rPois   .            (no helmet)
rElec   .            (no cloak)
rCorr   .            e - +0 pair of gloves
SInv    .            (no boots)
Will    .....        (no amulet)
Stlth   ++           (no ring)
HPRegen 0.24/turn    (no ring)
MPRegen 0.12/turn

%: no passive effects
@: no status effects
A: no striking features
a: no special abilities


You were on level 3 of the Dungeon.
You visited 1 branch of the dungeon, and saw 3 of its levels.

You collected 105 gold pieces.

Inventory:

Hand Weapons
 c - a +0 dagger of electrocution (weapon)
 l - a +0 hand axe of venom
Armour
 a - a +0 robe (worn)
 e - a +0 pair of gloves (worn)
Scrolls
 d - a scroll of noise {unknown}
 f - a scroll of amnesia {unknown}
 h - 2 scrolls of butterflies {unknown}
 i - a scroll of teleportation {unknown}
 j - 2 scrolls of identify {unknown}
 k - a scroll of immolation {unknown}
 m - a scroll of vulnerability {unknown}
Potions
 g - a potion of curing {unknown}


   Skills:
 + Level 2.3 Fighting
 - Level 2.4 Dodging
 - Level 2.4 Stealth
 - Level 3.0 Spellcasting
 + Level 5.6 Conjurations


You had 2 spell levels left.
You knew the following spells:

 Your Spells              Type           Power      Damage    Failure   Level
a - Magic Dart            Conj           100%       1d8       1%          1
b - Searing Ray           Conj           62%        2d6       1%          2
c - Fulminant Prism       Conj/Hex       8%         3d7       32%         4

Your spell library contained the following spells:

 Spells                   Type           Power      Damage    Failure   Level
 Dazzling Flash           Conj/Hex       34%        N/A       10%         3
 Iskenderun's Mystic Bla  Conj/Tloc      17%        2d5       32%         4


Dungeon Overview and Level Annotations

Branches:
Dungeon (3/15)

Altars:
Dithmenos


Message History

Confirm with . or Enter, or press ? or * to list all spells.
Aiming: Searing Ray (safe; 1% risk of failure)
Press: ? - help, Shift-Dir - straight line, f/p - orc priest
Aim: an orc priest, wielding a +0 flail of protection and wearing a +0 leather armour (79% to hit)
The searing ray hits the orc priest.
The orc priest is moderately wounded. (Press . to maintain the ray.)
The searing ray misses the orc priest.
The searing ray hits the orc priest.
The orc priest is moderately wounded.
The orc priest invokes the aid of Beogh against you.
You barely resist.
Without enough magic to sustain it, your searing ray dissipates.
You closely miss the orc priest.
The orc priest is moderately wounded.
The orc priest hits you with a +0 flail of protection.
You hit the orc priest but do no damage.
The orc priest is moderately wounded.
The orc priest completely misses you.
You barely miss the orc priest.
The orc priest is moderately wounded.
The orc priest mumbles some strange prayers to Beogh against you.
Beogh smites you! Magic courses through your body.
The orc priest hits you with a +0 flail of protection.
* * * LOW HITPOINT WARNING * * *
Casting: Searing Ray (safe; 1% risk of failure)
Confirm with . or Enter, or press ? or * to list all spells.
Aiming: Searing Ray (safe; 1% risk of failure)
Press: ? - help, Shift-Dir - straight line, f/p - orc priest
Aim: an orc priest, wielding a +0 flail of protection and wearing a +0 leather armour (moderately wounded, 79% to hit)
The searing ray hits the orc priest but does no damage.
The orc priest is moderately wounded. (Press . to maintain the ray.)
The orc priest closely misses you.
A gnoll comes into view. It is wielding a +0 flail.
The searing ray misses the orc priest.
The gnoll shouts!
The orc priest hits you with a +0 flail of protection!
You die...

.).# ..# # #)# #########
#.#.# #.).....# #.#.##
#.#####.# #....######. #.#
#.# #..#........ #.# ##.###
##.##g..###########.# #.....
#.......†..o@.......#####.###
)..#########................#
#. ################.# #.# #..
###


You could see an orc priest and a gnoll.

Vanquished Creatures
  2 adders (D:2)
  A gnoll (D:1)
  3 worms (D:2)
  2 dart slugs
  4 orcs (D:3)
  4 bats
  2 endoplasms (D:1)
  4 giant cockroaches
  5 goblins
  A hobgoblin (D:2)
  7 jackals (D:1)
  2 quokkas
  4 ball pythons
  7 frilled lizards
  7 kobolds
  6 rats
61 creatures vanquished.

Notes
Turn   | Place    | Note
-------+----------+-------------------------------------------
     0 | D:1      | Essalna the Deep Elf Conjurer began the quest for the Orb.
     0 | D:1      | Reached XP level 1. HP: 10/10 MP: 6/6
   206 | D:1      | Reached XP level 2. HP: 16/16 MP: 5/8
   285 | D:1      | Reached skill level 1 in Fighting
   695 | D:1      | Reached skill level 5 in Conjurations
   695 | D:1      | Reached XP level 3. HP: 20/20 MP: 3/9
  1194 | D:2      | Found a faded altar of an unknown god.
  1194 | D:2      | Noticed an ice devil
  1497 | D:2      | Reached XP level 4. HP: 26/26 MP: 6/10
  1580 | D:2      | Found a shadowy altar of Dithmenos.
  2404 | D:3      | Learned a level 2 spell: Searing Ray
  2409 | D:3      | Learned a level 4 spell: Fulminant Prism
  2499 | D:3      | Slain by an orc priest

Illustrated notes

Levels and vault maps discovered:
D:1:      minmay_arrival_up_and_down, layout_basic, minmay_tiny_reverse_x
D:2:      layout_basic, dreamdust_ecumenical_altar_sealed_demon, basic_altar,
          minmay_pentomino_o4
D:3:      layout_loops_ring, mainiacjoe_overflow_paths,
          nicolae_ru_great_annihilating_truth, uniq_jessica, uniq_sigmund

Skill      XL: |  1  2  3 |
---------------+----------+-----
Fighting       | 1 2 |  2.3
Conjurations   | 5 |  5.6
Dodging        | |  2.4
Stealth        | |  2.4
Spellcasting   | |  3.0

Action                     |  1- 3 |  4- 6 || total
---------------------------+-------+-------++-------
  Melee: Dagger            |    23 |     3 ||    26
   Cast: Magic Dart        |    71 |    46 ||   117
         Searing Ray       |       |     2 ||     2
    Use: Potion            |       |     1 ||     1
   Stab: Sleeping          |     1 |       ||     1
 Armour: Robe              |     6 |       ||     6
  Dodge: Dodged            |    17 |     4 ||    21

Table legend: (Time is in decaauts)
 A = Elapsed time spent in this place.
 B = Non-inter-level travel time spent in this place.
 C = Inter-level travel time spent in this place.
 D = Time resting spent in this place.
 E = Time spent auto-exploring this place.
 F = Levels seen in this place.
 G = Mean time per level.
                   A        B        C        D        E       F      G
               +--------+--------+--------+--------+--------+-----+--------+
         Total |   2497 |   2436 |     61 |      0 |   2151 |   3 |  832.3 |
       Dungeon |   2497 |   2436 |     61 |      0 |   2151 |   3 |  832.3 |
               +--------+--------+--------+--------+--------+-----+--------+

Top non-repeatable levels by time:
     D:1: 1178 daAuts
     D:2: 1018 daAuts
     D:3: 300 daAuts
